 Dungeon Crawl Stone Soup version 0.21-a0-538-gd16b88a (webtiles) character file.

60 slep the Covered (level 4, -1/37 HPs)
             Began as a Formicid Fighter on Dec 17, 2017.
             Slain by an adder (2 damage)
             ... on level 2 of the Dungeon.
             The game lasted 00:03:05 (853 turns).

slep the Covered (Formicid Fighter)                  Turns: 853, Time: 00:03:06

Health: -1/37      AC:  7    Str: 20    XL:     4   Next: 24%
Magic:  4/4        EV:  9    Int:  8    God:
Gold:   63         SH:  0    Dex: 11    Spells: 3/3 levels left

rFire    . . .     SeeInvis +   a - +0 war axe
rCold    . . .     Gourm    .   (no shield)
rNeg     . . .     Faith    .   b - +0 scale mail
rPois    .         Spirit   .   (helmet unavailable)
rElec    .         Reflect  .   (no cloak)
rCorr    .         Harm     .   (no gloves)
MR       .....                  (no boots)
Stlth    ..........             (no amulet)
HPRegen  0.12/turn              (no ring)
MPRegen  0.09/turn              (no ring)

@: lethally poisoned (-1 -> -3)
A: permanent stasis, dig shafts and tunnels, four strong arms, antennae 3
a: Dig, Shaft Self


You were on level 2 of the Dungeon.
You were not hungry.

You visited 1 branch of the dungeon, and saw 2 of its levels.

You collected 63 gold pieces.

Inventory:

Hand Weapons
 a - a +0 war axe (weapon)
 l - a +0 vampiric lajatang
Armour
 b - a +0 scale mail (worn)
Scrolls
 e - a scroll of immolation {unknown}
 g - 3 scrolls of identify {unknown}
 h - a scroll of fear {unknown}
 i - a scroll of teleportation {unknown}
 j - a scroll of enchant armour {unknown}
 k - a scroll of amnesia {unknown}
Potions
 d - a potion of might
Comestibles
 c - 2 meat rations
 f - a bread ration


   Skills:
 + Level 3.9 Fighting
 + Level 2.7 Axes
 + Level 4.2 Armour
 + Level 0.4 Dodging
   Level 3.6 Shields


You had 3 spell levels left.
You didn't know any spells.

Dungeon Overview and Level Annotations

Branches:
Dungeon (2/15)

Altars:


Innate Abilities, Weirdness & Mutations

You cannot be hasted, slowed, berserked, paralysed or teleported.
You can dig through walls and to a lower floor.
Your four strong arms can wield two-handed weapons with a shield.
You have a pair of large antennae on your head. (SInv)


Message History

You see here a rat corpse.
You butcher the rat corpse.
* * * LOW HITPOINT WARNING * * *
You feel sick.
Things that are here:
a chunk of flesh; a rat skeleton
Okay, then.
An adder comes into view.
The adder hisses angrily.
* * * LOW HITPOINT WARNING * * *
You feel sick.
You slash the adder!
The adder is severely wounded.
The adder bites you.
* * * LOW HITPOINT WARNING * * *
The adder bites you but does no damage.
Your scale mail prevents you from hitting the adder.
The adder is severely wounded.
The adder bites you.
You die...

#..... ........# #....
........# ...#
........#.##..#
........# ....#
........####..#
#.....#..%..########.#
#..S....%............
####@.........#####.#
#..........#
#..........#
............#
............##
...........#..######
...................#
...................#
.............#


You could see an adder.

Vanquished Creatures
  2 adders (D:2)
  An ooze (D:1)
  3 dart slugs (D:1)
  A giant cockroach (D:1)
  8 goblins (D:1)
  6 kobolds (D:1)
  2 ball pythons (D:1)
  3 bats (D:1)
  A frilled lizard (D:1)
  6 rats
33 creatures vanquished.

Notes
Turn   | Place    | Note
-------+----------+-------------------------------------------
     0 | D:1      | slep the Formicid Fighter began the quest for the Orb.
     0 | D:1      | Reached XP level 1. HP: 18/18 MP: 1/1
   138 | D:1      | Reached XP level 2. HP: 20/24 MP: 2/2
   234 | D:1      | Reached skill level 4 in Armour
   239 | D:1      | Reached XP level 3. HP: 29/29 MP: 3/3
   819 | D:2      | Reached XP level 4. HP: 12/37 MP: 4/4
   850 | D:2      | HP: 1/37 [poisoned by an adder]
   853 | D:2      | Slain by an adder

Vault maps used:
D:1:      dpeg_arrival_three_same_balls, minmay_cut_off

Skill      XL: |  1  2 |
---------------+-------+-----
Armour         | 4 |  4.2
Fighting       | |  3.9
Axes           | |  2.7
Dodging        | |  0.4
Shields        | |  3.6

Action                   |  1- 3 |  4- 6 || total
-------------------------+-------+-------++-------
Melee: War axe           |    82 |     9 ||    91
Armor: Scale mail        |    54 |     6 ||    60
Dodge: Dodged            |    42 |     5 ||    47

Table legend:
 A = Spawn XP
 B = Non-spawn XP
 C = Spawn XP percentage of total XP
 D = Spawn monster count
 E = Non-spawn monster count
 F = Spawn count percentage of total count
 G = Total turns spent on level
                    A         B        C        D         E        F      G
               +---------+---------+-------+---------+---------+-------+---------
         Total |       0 |      86 |   0.0 |       0 |      33 |   0.0 |   853
               +---------+---------+-------+---------+---------+-------+---------
           D:1 |       0 |      58 |   0.0 |       0 |      29 |   0.0 |   779
           D:2 |       0 |      28 |   0.0 |       0 |       4 |   0.0 |    74
               +---------+---------+-------+---------+---------+-------+---------
